 Dungeon Crawl Stone Soup version 0.27-a0-941-g386ccf399c (webtiles) character file.

Game seed: 13489485110283372841

11101 Froggeryz the Frost Mage (level 11, -1/68 HPs)
             Began as a Demonspawn Ice Elementalist on Apr 11, 2021.
             Was an Initiate of Gozag.
             Killed from afar by a hell knight (7 damage)
             ... with a bolt of fire
             ... on level 1 of the Abyss.
             The game lasted 00:25:01 (12796 turns).

Froggeryz the Frost Mage (DsIE)                    Turns: 12796, Time: 00:25:02

Health: -1/68      AC: 10    Str:  9    XL:     11   Next: 44%
Magic:  0/25       EV: 12    Int: 22    God:    Gozag
Gold:   1096       SH: 11    Dex: 17    Spells: 23/30 levels left

rFire    + . .     SeeInvis .   y - +0 whip (elec)
rCold    + . .     Faith    .   c - +0 buckler
rNeg     + . .     Spirit   +   l - +1 robe {rF+}
rPois    .         Reflect  +   A - +1 helmet {Int+3}
rElec    .         Harm     .   I - +1 cloak
rCorr    .         Rampage  .   (no gloves)
Will     .....                  (no boots)
Stlth    ++........             s - amulet "Citeidi" {Reflect rN+ Dex+3 SH+5}
HPRegen  0.21/turn              k - ring of protection from cold
MPRegen  0.38/turn              (no ring)

@: no status effects
A: claws 2, icy blue scales 2, demonic guardian 1, magic shield, magic
regeneration, magic link
a: Renounce Religion, Potion Petition, Call Merchant, Bribe Branch


You were on level 1 of the Abyss.
You worshipped Gozag.
Gozag was most pleased with you.
You visited 2 branches of the dungeon, and saw 11 of its levels.
You visited the Abyss 1 time.

You collected 1359 gold pieces.
You spent 165 gold pieces at shops.
You paid 98 gold pieces to Gozag.

Inventory:

Hand Weapons
 y - a +0 whip of electrocution (weapon)
Missiles
 F - a throwing net
Armour
 c - a +0 buckler (worn)
 l - a +1 robe of fire resistance (worn)
 t - a +2 robe of positive energy
 A - a +1 helmet of intelligence (worn)
 I - a +1 cloak (worn)
Jewellery
 d - an amulet of the acrobat
 k - a ring of protection from cold (left claw)
 n - an amulet of regeneration
 q - an amulet of magic regeneration
 s - the amulet "Citeidi" (around neck) {Reflect rN+ Dex+3 SH+5}
   (You found it on level 4 of the Dungeon)

   [amulet of reflection]

   It reflects blocked missile attacks.
   It affects your dexterity (+3).
   It protects you from negative energy.
   It affects your SH (+5).
 B - a ring of magical power
Wands
 a - a wand of polymorph (21)
 r - a wand of flame (19)
 w - a wand of iceblast (9)
Scrolls
 b - 6 scrolls of teleportation
 e - a scroll of amnesia {unknown}
 h - 2 scrolls of blinking {unknown}
 i - a scroll of enchant armour
 j - a scroll of enchant weapon {unknown}
 m - 2 scrolls of noise
 p - 3 scrolls of fear {unknown}
 u - 3 scrolls of fog {unknown}
 C - a scroll of silence {unknown}
 D - 6 scrolls of identify
 H - a scroll of holy word {unknown}
 N - a scroll of torment {unknown}
 O - a scroll of immolation
Potions
 f - 2 potions of flight
 g - 3 potions of attraction
 o - 2 potions of lignification {unknown}
 v - 2 potions of haste {unknown}
 x - a potion of resistance
 E - 2 potions of brilliance {unknown}
 G - a potion of ambrosia {unknown}
 J - a potion of magic {unknown}
 K - a potion of mutation {unknown}
 M - a potion of berserk rage {unknown}


   Skills:
 - Level 1.7 Dodging
 - Level 1.7 Stealth
 - Level 5.1 Shields
 * Level 10.0 Spellcasting
 * Level 12.7 Ice Magic


You had 23 spell levels left.
You knew the following spells:

 Your Spells              Type           Power      Damage    Failure   Level
a - Freeze                Ice            100%       1d11      1%          1
b - Frozen Ramparts       Ice            100%       1d12      1%          3
c - Ozocubu's Armour      Ice            61%        N/A       1%          3

Your spell library contained the following spells:

 Spells                   Type           Power      Damage    Failure   Level
 Hailstorm                Conj/Ice       39%        3d9       4%          4
 Shock                    Conj/Air       44%        1d5       6%          1
 Swiftness                Air            11%        N/A       9%          2
 Metabolic Englaciation   Hex/Ice        19%        N/A       12%         5
 Confusing Touch          Hex            11%        N/A       19%         3
 Gell's Gravitas          Tloc           5%         N/A       19%         3
 Static Discharge         Conj/Air       11%        N/A       19%         3
 Airstrike                Air            5%         N/A       52%         4
 Petrify                  Tmut/Erth      11%        N/A       52%         4
 Lightning Bolt           Conj/Air       5%         1d17      86%         5
 Yara's Violent Unravell  Hex/Tmut       5%         3d4       86%         5


Dungeon Overview and Level Annotations

Branches:
Dungeon (10/15)            Temple (1/1) D:6             Orc (0/2) D:9
   Lair: D:8-11

Altars:
Ashenzari
Cheibriados
Dithmenos
Elyvilon
Fedhas
Gozag
Hepliaklqana
Kikubaaqudgha
Makhleb
Nemelex Xobeh
Okawaru
Qazlal
Ru
Sif Muna
Trog
Uskayaw
Vehumet
Wu Jian
Xom
Yredelemnul
Zin
The Shining One
Beogh

Shops:
D:6 *:

Annotations:
D:6 exclusion: ugly thing
D:10 Joseph, Psyche


Innate Abilities, Weirdness & Mutations

You have very sharp fingernails.
You are mostly covered in icy blue scales. (AC +3)
A weak demonic guardian rushes to your aid.
When hurt, damage is shared between your health and your magic reserves.
You regenerate magic rapidly.
When low on magic, you restore magic in place of health.


Message History

Press: ? - help, Shift-Dir - straight line, f - hell knight simulacrum
Aim: a hell knight simulacrum (translocational energy)
The mass of ice explodes!
The iceblast engulfs the hell knight simulacrum!
The hell knight simulacrum partially resists.
The hell knight simulacrum is moderately damaged.
You hear a howl!
The wall freezes the hell knight!
You block the hell knight's attack.
The hell knight simulacrum completely resists.
The wall freezes the hell knight simulacrum but does no damage.
Unknown command.
You feel better.
The wall freezes the hell knight.
The hell knight hits you with a +2 scimitar of flaming!
* * * LOW HITPOINT WARNING * * *
A demonic guardian appears!
The hell knight burns you.
* * * LOW HITPOINT WARNING * * *
The wall freezes the hell knight!
The hell knight becomes distracted by the nearby gold, dreaming of imaginary riches.
Your iron imp hits the hell knight but does no damage.
The hell knight is no longer distracted by gold.
The hell knight simulacrum completely resists.
The wall freezes the hell knight simulacrum but does no damage.
The wall freezes the hell knight.
The hell knight closely misses you.
The wall freezes the hell knight but does no damage.
The hell knight hits you but does no damage.
The heat melts your icy armour.
Unknown command.
Your icy armour and frozen ramparts will break if you move.
Continue?
Your icy armour cracks and falls away as you move.
The frozen ramparts melt away as you move.
A hell knight comes into view.
It is wielding a +0 great mace of draining.
The hell knight shouts!
The hell knight becomes distracted by the nearby gold, dreaming of imaginary riches.
A hell knight comes into view.
It is wielding a +2 halberd of distortion.
The hell knight's soul is no longer bound.
The hell knight gestures at you while chanting.
The bolt of fire hits the hell knight.
The hell knight completely resists.
The bolt of fire hits you! You resist.
You die...
Your body crumbles into a pile of gold.

.. #. ... ..
## .#.. ##.
.# .
..#.##.. .#
## #...#pp#.
##
..#.#.p...#
##. #
....#p#.###.
... #5$#.@.#
. . .
#$Z5.#+ . >
#....#### .
.. .
......... #
. .#
#..###.#.. #
. ..# .# ..
### ... ##
#.. ' . #..
. .. ###


You could see 4 hell knights, a hell knight simulacrum (ally target) and a
friendly iron imp (summoned).

Vanquished Creatures
  2 hell knights (Abyss:1)
  Pikel (D:4)
  A necromancer (Abyss:1)
  A manticore (D:6)
  A cyclops (D:6)
  A hornet (D:10)
  Sigmund (D:2)
  8 yaks
  Grum (D:8)
  A vampire mosquito (D:10)
  An acid dragon (D:10)
  A small abomination (Abyss:1)
  Duvessa (D:4)
  A water moccasin (D:5)
  A hornet zombie (D:6)
  8 orc warriors
  An ice beast (D:6)
  4 black bears
  3 wolves (D:8)
  5 necrophages
  An ogre (D:6)
  3 centaurs
  2 phantoms
  A kobold brigand (D:7)
  A gnoll sergeant (D:7)
  3 bullfrogs
  A wyvern zombie (D:6)
  A scorpion (D:3)
  Dowan (D:4)
  2 water moccasin skeletons
  8 killer bees
  15 wights
  4 howler monkeys
  5 centaur zombies
  3 orc priests
  7 hounds
  2 gnoll shamans (D:6)
  A human zombie (D:6)
  A jelly (D:5)
  A bullfrog skeleton (D:4)
  Jessica (D:2)
  Ijyb (D:4)
  Natasha (thrice) (D:2)
  4 iguanas
  11 orc wizards
  4 killer bee zombies (D:6)
  A mummy (D:6)
  A howler monkey zombie (D:9)
  8 adders
  22 gnolls
  2 white imps (D:5)
  3 ufetubi (D:5)
  3 worms
  2 dart slugs
  45 orcs
  7 endoplasms
  3 giant cockroaches
  8 goblins
  7 hobgoblins
  12 jackals
  5 quokkas
  5 ball pythons
  7 bats
  2 frilled lizards
  10 kobolds
  3 rats
287 creatures vanquished.

Vanquished Creatures (collateral kills)
  2 yaks (D:9)
  A wyvern skeleton (D:6)
  2 wights (D:7)
5 creatures vanquished.

Vanquished Creatures (others)
  8 plants (D:4)
8 creatures vanquished.

Grand Total: 300 creatures vanquished

Notes
Turn   | Place    | Note
-------+----------+-------------------------------------------
     0 | D:1      | Froggeryz the Demonspawn Ice Elementalist began the quest
                  | for the Orb.
     0 | D:1      | Reached XP level 1. HP: 13/13 MP: 3/3
   138 | D:1      | Reached skill level 4 in Ice Magic
   294 | D:1      | Gained mutation: You have sharp fingernails. [demonic
                  | ancestry]
   294 | D:1      | Reached XP level 2. HP: 14/19 MP: 3/5
  1207 | D:1      | Gained mutation: You have very sharp fingernails. [demonic
                  | ancestry]
  1207 | D:1      | Reached XP level 3. HP: 24/24 MP: 6/6
  1590 | D:2      | Noticed Sigmund
  1654 | D:2      | Noticed Jessica
  1876 | D:2      | Noticed Natasha
  1882 | D:2      | Killed Natasha
  1883 | D:2      | Reached skill level 1 in Shields
  2088 | D:2      | Noticed Natasha
  2089 | D:2      | Killed Jessica
  2090 | D:2      | Reached skill level 5 in Ice Magic
  2090 | D:2      | Gained mutation: You are partially covered in icy blue
                  | scales. (AC +2) [demonic ancestry]
  2090 | D:2      | Reached XP level 4. HP: 29/30 MP: 5/7
  2097 | D:2      | Killed Natasha
  2124 | D:2      | Noticed Natasha
  2131 | D:2      | Killed Natasha
  2259 | D:2      | Found a faded altar of an unknown god.
  2264 | D:2      | Gained mutation: You regenerate magic rapidly. [demonic
                  | ancestry]
  2264 | D:2      | Reached XP level 5. HP: 33/35 MP: 5/8
  2731 | D:2      | Killed Sigmund
  2732 | D:2      | Reached skill level 6 in Ice Magic
  2732 | D:2      | Gained mutation: When hurt, damage is shared between your
                  | health and your magic reserves. [demonic ancestry]
  2732 | D:2      | Reached XP level 6. HP: 41/41 MP: 1/9
  2835 | D:3      | Learned a level 3 spell: Frozen Ramparts
  2839 | D:3      | Learned a level 3 spell: Ozocubu's Armour
  4248 | D:4      | Reached skill level 7 in Ice Magic
  4248 | D:4      | Reached XP level 7. HP: 32/46 MP: 3/10
  4314 | D:4      | Noticed Ijyb
  4320 | D:4      | Killed Ijyb
  4343 | D:4      | Noticed Duvessa
  4345 | D:4      | Identified the amulet "Citeidi" {Reflect rN+ Dex+3 SH+5}
  4345 | D:4      | Noticed Dowan
  4357 | D:4      | Killed Duvessa
  4361 | D:4      | Killed Dowan
  4462 | D:4      | Noticed Pikel
  4483 | D:4      | Killed Pikel
  4484 | D:4      | Reached skill level 8 in Ice Magic
  4484 | D:4      | Reached XP level 8. HP: 48/52 MP: 0/11
  4942 | D:5      | Entered Level 5 of the Dungeon
  4953 | D:5      | Reached skill level 5 in Shields
  5119 | D:5      | Reached skill level 9 in Ice Magic
  6067 | D:6      | Gained mutation: A weak demonic guardian rushes to your
                  | aid. [demonic ancestry]
  6067 | D:6      | Reached XP level 9. HP: 57/57 MP: 11/14
  6361 | D:6      | Found Otwinwe's General Store.
  6368 | D:6      | Reached skill level 5 in Spellcasting
  6383 | D:6      | Reached skill level 10 in Ice Magic
  6407 | D:6      | Bought a potion of heal wounds for 50 gold pieces
  6407 | D:6      | Bought a +0 helmet of intelligence for 115 gold pieces
  6883 | D:6      | Found Voda's Book Emporium.
  7050 | D:6      | Found a staircase to the Ecumenical Temple.
  7105 | D:6      | Found a basalt altar of Yredelemnul.
  7440 | Temple   | Entered the Ecumenical Temple
  7537 | Temple   | Became a worshipper of Gozag Ym Sagoz the Greedy
  7642 | D:6      | Noticed a cyclops
  7647 | D:6      | Killed a cyclops
  7648 | D:6      | Gained mutation: When low on magic, you restore magic in
                  | place of health. [demonic ancestry]
  7648 | D:6      | Reached XP level 10. HP: 44/63 MP: 6/20
  7762 | D:6      | Noticed a cyan ugly thing
  7782 | D:6      | Noticed a manticore
  7791 | D:6      | Killed a manticore
  7792 | D:6      | Reached skill level 11 in Ice Magic
  9925 | D:8      | Found a runed translucent door.
 10160 | D:8      | Noticed Grum
 10172 | D:8      | Killed Grum
 11181 | D:9      | Reached skill level 12 in Ice Magic
 11295 | D:9      | Gained mutation: You are mostly covered in icy blue scales.
                  | (AC +3) [demonic ancestry]
 11295 | D:9      | Reached XP level 11. HP: 55/68 MP: 14/24
 11376 | D:9      | Found a staircase to the Orcish Mines.
 12181 | D:10     | Entered Level 10 of the Dungeon
 12203 | D:10     | Noticed Joseph
 12206 | D:10     | Noticed a deep elf pyromancer
 12217 | D:10     | Noticed a two-headed ogre
 12421 | D:10     | Noticed Psyche
 12432 | D:10     | Cast into level 1 of the Abyss (Psyche)
 12778 | Abyss:1  | Noticed a hell knight
 12779 | Abyss:1  | Noticed a hell knight
 12782 | Abyss:1  | Noticed a necromancer
 12783 | Abyss:1  | Noticed a hell knight
 12786 | Abyss:1  | Noticed a hell knight
 12790 | Abyss:1  | Killed a hell knight
 12792 | Abyss:1  | Killed a hell knight
 12792 | Abyss:1  | Killed a necromancer
 12793 | Abyss:1  | Reached skill level 10 in Spellcasting
 12795 | Abyss:1  | Noticed a hell knight
 12796 | Abyss:1  | Noticed a hell knight
 12796 | Abyss:1  | Killed from afar by a hell knight

Illustrated notes

Levels and vault maps discovered:
D:1:      minmay_arrival_doors, layout_loops_ring, minmay_pentomino_v2
D:2:      layout_loops_ring, basic_ecumenical_altar, basic_altar,
          corexii_item_surrounded_by_moat,
          wander_ebering_terrifying_dragon_lair, uniq_natasha, uniq_jessica,
          uniq_sigmund
D:3:      minmay_octagon_keep, layout_basic, grunt_decor_mini_mirrors,
          bh_walls_and_bars
D:4:      cheibrodos_old_hovel, layout_loops_ring, uniq_duvessa, uniq_ijyb,
          uniq_pikel
D:5:      layout_cave_pools
D:6:      minmay_spotlight, layout_cave_pools,
          lemuel_mausoleum_altar_yredelemnul, minmay_temple_entry_nine_rooms,
          serial_gnoll_camp, gnoll_camp_mini_basic, gnoll_camp_mini_loothouse,
          gnoll_camp_mini_doghouse, gnoll_camp_mini_shop, gnoll_camp_mini_shop,
          kb_rosetta
D:7:      layout_cave_pools, chequers_decorated_corner, kennysheep_cross_room,
          eino_jars
D:8:      layout_loops_corners, lightli_church_of_beogh, uniq_grum
D:9:      layout_cave_pods, david_orc_4
D:10:     minmay_the_grid_octo_tiled_squarecenter
          [minmay_the_grid_octo_clover_2, minmay_the_grid_octo_thin_diamonds,
          minmay_the_grid_octo_tetromino_candy,
          minmay_the_grid_octo_fat_diamond,
          minmay_the_grid_square_5x5_megaprize_open,
          minmay_the_grid_square_5x5_meh, minmay_the_grid_square_5x5_dogpile,
          minmay_the_grid_square_5x5_bridge,
          minmay_the_grid_square_5x5_spiral_small], layout_cave_pools,
          enter_bailey_5, eino_tiny_chamber, hangedman_decor_clover_reticule,
          nicolae_transmutations_shop, uniq_sonja, uniq_joseph, uniq_psyche
Temple:   compressed_dpeg_circular_temple
Abyss:1:  base:
D:8

Skill      XL: |  1  2  3  4  5  6  7  8  9 10 11 |
---------------+----------------------------------+-----
Ice Magic      | 4 5 6 7 8 9 10 12 | 12.7
Shields        | 1 2 3 4 5 |  5.1
Spellcasting   | 3 6 9 10 | 10.0
Dodging        | |  1.7
Stealth        | |  1.7

Action                   |  1- 3 |  4- 6 |  7- 9 | 10-12 || total
-------------------------+-------+-------+-------+-------++-------
Melee: Unarmed           |    24 |    97 |    22 |       ||   143
       Whip              |       |       |   398 |   204 ||   602
 Cast: Freeze            |    42 |    35 |     4 |     5 ||    86
       Frozen Ramparts   |       |    10 |    43 |    45 ||    98
       Ozocubu's Armour  |       |     3 |    21 |    31 ||    55
Evoke: Wand              |       |       |       |     6 ||     6
  Use: Scroll            |     3 |       |     4 |     2 ||     9
       Potion            |       |       |     1 |     4 ||     5
 Stab: Sleeping          |       |     4 |     3 |     2 ||     9
       Distracted        |       |       |       |     1 ||     1
Armor: Robe              |    30 |    37 |   126 |    75 ||   268
       Skin              |       |     1 |       |    10 ||    11
Dodge: Dodged            |    58 |    80 |   179 |   108 ||   425
Block: Buckler           |       |       |   249 |   142 ||   391
       Reflection        |       |       |     1 |     3 ||     4

Table legend: (Time is in decaauts)
 A = Elapsed time spent in this place.
 B = Non-inter-level travel time spent in this place.
 C = Inter-level travel time spent in this place.
 D = Time resting spent in this place.
 E = Time spent auto-exploring this place.
 F = Levels seen in this place.
 G = Mean time per level.
                   A        B        C        D        E       F      G
               +--------+--------+--------+--------+--------+-----+--------+
         Total |  12863 |  12414 |    449 |   2281 |   7515 |  12 | 1071.9 |
       Dungeon |  12376 |  11960 |    416 |   1997 |   7440 |  10 | 1237.6 |
        Temple |    122 |     89 |     33 |      0 |     75 |   1 |  122.0 |
         Abyss |    364 |    364 |      0 |    284 |      0 |   1 |  364.0 |
               +--------+--------+--------+--------+--------+-----+--------+

Top non-repeatable levels by time:
     D:6: 2183 daAuts
     D:1: 1735 daAuts
     D:9: 1506 daAuts
     D:3: 1395 daAuts
     D:7: 1364 daAuts
     D:8: 1323 daAuts
     D:5: 989 daAuts
     D:2: 970 daAuts
     D:4: 848 daAuts
 Abyss:1: 364 daAuts
  Temple: 122 daAuts
    D:10: 59 daAuts
